 Dungeon Crawl Stone Soup version 0.30-a0-297-g0ec75d9ef4 (webtiles) character file.

Game seed: 9869888300812627345

293 kae the Insei (level 6, -2/50 HPs)
             Began as a Draconian Transmuter on Oct 18, 2022.
             Killed by nerve-wracking pain
             ... invoked by an orc priest
              (14 damage)
             ... on level 4 of the Dungeon.
             The game lasted 00:03:29 (2985 turns).

kae the Insei (Draconian Transmuter)                Turns: 2985, Time: 00:03:29

Health: -2/50      AC:  2    Str: 12    XL:     6   Next: 11%
Magic:  4/10       EV: 19    Int: 21    God:
Gold:   160        SH:  0    Dex: 17    Spells: 5/11 levels left

rFire   . . .      SeeInvis .      - Unarmed
rCold   . . .      Faith    .    (shield currently unavailable)
rNeg    . . .      Spirit   .    (body armour unavailable)
rPois   x          Reflect  .    (helmet currently unavailable)
rElec   .          Harm     .    (cloak currently unavailable)
rCorr   .          Rampage  .    (gloves currently unavailable)
Will    .....                    (boots currently unavailable)
Stlth   ++........               (no amulet)
HPRegen 0.28/turn                I - +6 ring of intelligence
MPRegen 0.12/turn                Z - ring of wizardry

@: spider-form, wereblooded
A: venomous fangs, AC +6, tiny, unfitting armour, (cold-blooded)
a: End Transformation


You were on level 4 of the Dungeon.
You were a venomous arachnid creature.
You visited 1 branch of the dungeon, and saw 4 of its levels.

You collected 160 gold pieces.


Innate Abilities, Weirdness & Mutations

You are a venomous arachnid creature.
You have poisonous fangs.
You are tiny and dextrous.
Your spellcasting is less reliable in this form.
Your armour is entirely melded.
You are incapable of wielding weapons or throwing items.
((Your plain brown scales are hard. (AC +6)))
You cannot fit into any form of body armour.
((You are cold-blooded and may be slowed by cold attacks.))


   Skills:
 + Level 2.8 Fighting
 - Level 1.7 Dodging
 * Level 4.7 Unarmed Combat
 + Level 3.1 Spellcasting
 + Level 3.2 Transmutations
 - Level 1.6 Poison Magic


You had 5 spell levels left.
You knew the following spells:

 Your Spells              Type           Power      Damage    Failure   Level
a - Beastly Appendage     Tmut           32%        N/A       4%          1
b - Wereblood             Tmut           16%        N/A       6%          2
c - Spider Form           Tmut/Pois      13%        N/A       13%         3

Your spell library contained the following spells:

 Spells                   Type           Power      Damage    Failure   Level
 Ozocubu's Armour         Ice            3%         N/A       28%         3
 Ice Form                 Ice/Tmut       10%        N/A       43%         4
 Metabolic Englaciation   Hex/Ice        1%         N/A       89%         5
 Simulacrum               Ice/Necr       1%         N/A       100%        6

Inventory:

Hand Weapons
 j - a +0 dagger of electrocution (melded)
   (You took it off a kobold on level 2 of the Dungeon)
Missiles
 b - 36 stones
 g - 5 silver boomerangs
 i - 8 boomerangs
Armour
 k - a +0 pair of boots (melded)
   (You found it on level 2 of the Dungeon)
Jewellery
 I - a +6 ring of intelligence (left front leg)
   (You found it on level 3 of the Dungeon)
 R - a ring of resist corrosion
   (You found it on level 4 of the Dungeon)
 Z - a ring of wizardry (right front leg)
   (You found it on level 3 of the Dungeon)
Wands
 n - a wand of polymorph (12)
   (You found it on level 4 of the Dungeon)
Scrolls
 m - 2 scrolls of butterflies
 o - a scroll of identify {@r1}
 q - a scroll of immolation {unknown}
Potions
 a - a potion of lignification {!q}
 c - a potion of cancellation
 d - 2 potions of degeneration {unknown}
 e - 3 potions of haste {unknown}
 f - 3 potions of curing {unknown}
 h - 2 potions of might
 l - a potion of brilliance {unknown}
 p - a potion of resistance {unknown}

Dungeon Overview and Level Annotations

Branches:
Dungeon (4/15) Zot: 21024
 Temple: D:4-7

Altars:

Shops:
D:1 ( D:4

: # ##............#
#.............# #.#.............#
###'#<###'#########
#...........## #............#
#............# #.......go...#
#........s..## #####
#...........# ..[.# #######.#'###
...[# #.#)# ....# #.#.#####
....####### #.#.....########.
..........####.#..............
..........'....#.###.############
###.......######.#...........†...


You could see an orc priest and a hobgoblin.


Message History

Your +0 pair of boots melds into your body.
Your +0 dagger of electrocution stops crackling. 😎 MP[-3]
You lost 3 mp, and now have 6/9 mp.
You hit the necrophage but do no damage.
The necrophage hits you.
You feel drained.
You bite the necrophage!
The necrophage closely misses you. 😕 HP[-5]
You now have 40 max hp (-2).
You take 5 damage, and now have 37/40 hp.
You barely miss the necrophage. The necrophage closely misses you.
You hit the necrophage. The necrophage hits you!
You feel drained. 😮 HP[-9]
You now have 39 max hp (-1).
You take 9 damage, and now have 28/39 hp.
MASSIVE DAMAGE!! (PAUSE)
You barely miss the necrophage. 😮 MP[+1] Unknown command.
You hit the necrophage.
The necrophage closely misses you. 😮 HP[+1]
You hit the necrophage.
Your transformation is almost over.
The necrophage hits you but does no damage.
You bite the necrophage!
You destroy the necrophage!
Your life force feels restored.
Your Spellcasting skill increases to level 3!
You have reached level 6!
Your scales feel tougher. 😮 HP[+6]
You now have 50 max hp (+11).
You regained 6 hp, and now have 35/50 hp.
You barely miss the orc wizard. The orc wizard completely misses you.
You closely miss the orc wizard.
The orc wizard hits you with a +0 dagger. 😮 HP[-1]
You take 1 damage, and now have 34/50 hp.
You hit the orc wizard.
The orc wizard is poisoned.
The orc wizard completely misses you.
Unknown command.
You hit the orc wizard.
The orc wizard looks as sick as possible!
You kill the orc wizard! 😮 HP[+1]
Items here: ) [ ††.
There is an open door here. 😮 MP[+1] Unknown command.
Your transformation has ended.
Your +0 dagger of electrocution unmelds from your body.
Your +0 pair of boots unmelds from your body.
You hear the crackle of electricity. 😮 HP[+1]
An orc priest is nearby!
An orc priest is nearby! 😮 HP[+1]
An orc priest is nearby!
Unknown command.
Casting: Spider Form (dangerous; 6% risk of failure)
Confirm with . or Enter, or press ? or * to list all spells.
You turn into a venomous arachnid creature.
Your +0 dagger of electrocution melds into your body.
Your +0 pair of boots melds into your body.
Your +0 dagger of electrocution stops crackling.
The orc priest shouts! 😕 HP[+1] MP[-2]
You lost 2 mp, and now have 6/10 mp.
The orc priest calls down the wrath of Beogh upon you.
Pain shoots through your body! 😮 HP[-12]
You take 12 damage, and now have 26/50 hp.
MASSIVE DAMAGE!! (PAUSE)
Casting: Spider Form (dangerous; 13% risk of failure)
Confirm with . or Enter, or press ? or * to list all spells.
Your blood is infused with primal strength. 😮 MP[-2]
You lost 2 mp, and now have 4/10 mp.
The orc priest calls down the wrath of Beogh upon you.
Pain shoots through your body!
* * * LOW HITPOINT WARNING * * *
😨 HP[-1]
You take 1 damage, and now have 25/50 hp.
You barely miss the orc priest.
The orc priest mumbles some strange prayers to Beogh against you.
Beogh smites you!
* * * LOW HITPOINT WARNING * * *
😨 HP[-9]
You take 9 damage, and now have 16/50 hp.
You barely miss the orc priest. The orc priest misses you.
The hobgoblin hits you with a +0 whip.
* * * LOW HITPOINT WARNING * * *
😱 HP[-4]
You take 4 damage, and now have 12/50 hp.
You barely miss the orc priest. The hobgoblin completely misses you.
The orc priest mumbles some strange prayers to Beogh against you.
Pain shoots through your body!
You die...

Skill      XL: |  1  2  3  4  5 |
---------------+----------------+-----
Poison Magic   | 1 |  1.6
Fighting       | 2 |  2.8
Unarmed Combat | 4 |  4.7
Transmutations | 3 |  3.2
Spellcasting   | 3 |  3.1
Dodging        | |  1.7

Action                   |  1- 3 |  4- 6 || total
-------------------------+-------+-------++-------
Melee: Unarmed           |   161 |    49 ||   210
       Kick              |     8 |     2 ||    10
       Tailslap          |    18 |     1 ||    19
       Headbutt          |     6 |     3 ||     9
       Punch             |     2 |       ||     2
       Dagger            |    33 |    21 ||    54
 Cast: Beastly Appendage |    12 |     4 ||    16
       Spider Form       |     1 |     8 ||     9
       Wereblood         |       |     2 ||     2
  Use: Scroll            |     1 |     4 ||     5
Armor: Skin              |    79 |     7 ||    86
Dodge: Dodged            |   127 |    58 ||   185

Levels and vault maps discovered:
D:1:      wander_arrival_abandoned_jail, layout_loops_ring, serial_shops,
          nicolae_shop_bloodbath_and_beyond, minmay_misc_feat_x
D:2:      layout_basic, basic_ecumenical_altar, st_stairs_2, nrook_mini_vaults
D:3:      layout_rooms, supply_closet_lemuel
D:4:      layout_basic, minmay_temple_entry_trees, serial_shops, shop,
          serial_forest, infiniplex_forest_corner_1,
          infiniplex_forest_lined_ring, infiniplex_forest_corner_2,
          infiniplex_forest_clump_medium, infiniplex_forest_lined_4_way

Notes
Turn   | Place    | Note
-------+----------+-------------------------------------------
     0 | D:1      | kae the Draconian Transmuter began the quest for the Orb.
     0 | D:1      | Reached XP level 1. HP: 16/16 MP: 3/3
     0 | D:1      | magus.rc [v1.11.3]
    24 | D:1      | Found Keboudel's Weapon Emporium.
    75 | D:1      | Reached XP level 2. HP: 22/23 MP: 5/5
   186 | D:1      | Learned a level 2 spell: Wereblood
   813 | D:1      | Reached XP level 3. HP: 29/29 MP: 6/6
   817 | D:1      | Learned a level 3 spell: Spider Form
  1303 | D:2      | Reached skill level 1 in Poison Magic
  1390 | D:2      | Found a faded altar of an unknown god.
  1727 | D:3      | Reached XP level 4. HP: 27/36 MP: 7/7
  1796 | D:3      | Reached skill level 2 in Fighting
  2013 | D:3      | Reached skill level 4 in Unarmed Combat
  2096 | D:3      | You pick up a book of Winter and begin reading...
  2096 | D:3      | You add the spells Ozocubu's Armour, Metabolic Englaciation
                  | and Simulacrum to your library.
  2528 | D:4      | Reached XP level 5. HP: 39/41 MP: 2/9
  2665 | D:3      | HP: 8/42 [orc priest/divine providence (11)]
  2667 | D:3      | Reached skill level 3 in Transmutations
  2831 | D:4      | Found Paxtut's Book Shop.
  2965 | D:4      | Reached skill level 3 in Spellcasting
  2965 | D:4      | Reached XP level 6. HP: 35/50 MP: 7/10
  2984 | D:4      | HP: 12/50 [hobgoblin/+0 whip (4)]
  2985 | D:4      | Killed from afar by an orc priest

Vanquished Creatures
  A necrophage (D:4)
  An orc priest (D:3)
  An orc wizard (D:4)
  8 gnolls
  3 adders
  3 dart slugs
  4 orcs (D:3)
  3 ball pythons
  5 bats
  8 endoplasms
  2 giant cockroaches
  4 hobgoblins (D:1)
  4 jackals
  3 quokkas
  5 frilled lizards
  6 goblins
  5 kobolds
  3 rats (D:1)
69 creatures vanquished.

Vanquished Creatures (others)
  A plant (D:4)
1 creature vanquished.

Grand Total: 70 creatures vanquished

Table legend:
 A = Non-vault XP
 B = Vault XP
 C = Vault XP percentage of total XP
 D = Non-vault monster count
 E = Vault monster count
 F = Vault count percentage of total count
                 A         B        C        D         E       F
            +---------+---------+-------+---------+---------+-------
      Total |     412 |       7 |   1.7 |      66 |       3 |   4.3
            +---------+---------+-------+---------+---------+-------
        D:1 |      43 |       0 |   0.0 |      27 |       0 |   0.0
        D:2 |      39 |       7 |  15.2 |      15 |       3 |  16.7
        D:3 |     126 |       0 |   0.0 |      12 |       0 |   0.0
        D:4 |     204 |       0 |   0.0 |      12 |       0 |   0.0
            +---------+---------+-------+---------+---------+-------

Illustrated notes

Table legend:
 A = Kills in this place as a percentage of kills in entire the game.
 B = Kills by you in this place as a percentage of kills by you in the entire game.
 C = Kills by friends in this place as a percentage of kills by friends in the entire game.
 D = Other kills in this place as a percentage of other kills in the entire game.
 E = Experience gained in this place as a percentage of experience gained in the entire game.
 F = Experience gained in this place divided by the number of levels of this place that you have seen.
                   A       B       C       D       E      F
               +-------+-------+-------+-------+-------+----------------------
         Total | 100.0 | 100.0 |   N/A |   N/A | 100.0 | 104.8
       Dungeon | 100.0 | 100.0 |   N/A |   N/A | 100.0 | 104.8
               +-------+-------+-------+-------+-------+----------------------

Table legend: (Time is in decaauts)
 A = Elapsed time spent in this place.
 B = Non-inter-level travel time spent in this place.
 C = Inter-level travel time spent in this place.
 D = Time resting spent in this place.
 E = Time spent auto-exploring this place.
 F = Levels seen in this place.
 G = Mean time per level.
                   A        B        C        D        E       F      G
               +--------+--------+--------+--------+--------+-----+--------+
         Total |   2974 |   2933 |     41 |    140 |   2196 |   4 |  743.5 |
       Dungeon |   2974 |   2933 |     41 |    140 |   2196 |   4 |  743.5 |
               +--------+--------+--------+--------+--------+-----+--------+

Top non-repeatable levels by time:
     D:1: 877 daAuts
     D:2: 813 daAuts
     D:3: 702 daAuts
     D:4: 580 daAuts
